 Dungeon Crawl Stone Soup version 0.31-a0-185-g9dded2c639 (webtiles) character file.

Game seed: 9567325095368310575

2058 qw the Skirmisher (level 9, -2/51 HPs)
             Began as a Deep Elf Hunter on June 22, 2023.
             Was an Initiate of Okawaru.
             Slain by Pikel
             ... wielding a +1 whip of freezing
              (5 damage)
             ... on level 7 of the Dungeon.
             The game lasted 00:02:11 (5834 turns).

qw the Skirmisher (Deep Elf Hunter)                 Turns: 5834, Time: 00:02:11

Health: -2/51      AC: 11    Str: 11    XL:     9   Next: 5%
Magic:  11/11      EV: 14    Int: 19    God:    Okawaru [......]
Gold:   347        SH:  5    Dex: 17    Spells: 8/8 levels left

rFire   . . .        Y - +1 orcbow
rCold   . . .        (shield currently unavailable)
rNeg    . . .        h - +3 leather armour
rPois   .            b - +0 helmet
rElec   .            e - +0 cloak
rCorr   .            (no gloves)
SInv    .            c - +2 pair of boots
Will    .....        j - amulet of reflection
Stlth   ++           (no ring)
HPRegen 0.28/turn    (no ring)
MPRegen 0.12/turn

%: reflection
@: no status effects
A: clever 1
a: Renounce Religion


You were on level 7 of the Dungeon.
You worshipped Okawaru.
Okawaru was noncommittal.
You visited 2 branches of the dungeon, and saw 8 of its levels.

You collected 347 gold pieces.


Innate Abilities, Weirdness & Mutations

Your mind is acute. (Int +4, Str/Dex -1)


   Skills:
 - Level 3.3 Fighting
 + Level 14.1 Ranged Weapons
 - Level 1.4 Armour
 - Level 5.4 Dodging
 - Level 1.2 Stealth


You had 8 spell levels left.
You didn't know any spells.
Your spell library was empty.

Inventory:

Hand Weapons
 Y - a +1 orcbow (weapon)
Armour
 b - a +0 helmet (worn)
 c - a +2 pair of boots (worn)
 e - a +0 cloak (worn)
 h - a +3 leather armour (worn)
Jewellery
 j - an amulet of reflection (around neck)
Scrolls
 g - a scroll of identify
Potions
 a - a potion of might
 f - a potion of heal wounds {unknown}
 i - a potion of curing
 k - a potion of cancellation {unknown}

Dungeon Overview and Level Annotations

Branches:
Dungeon (7/15)             Temple (1/1) D:7

Altars:
Ashenzari
Cheibriados
Dithmenos
Elyvilon
Fedhas
Gozag
Hepliaklqana
Kikubaaqudgha
Makhleb
Nemelex Xobeh
Okawaru
Qazlal
Ru
Sif Muna
Trog
Uskayaw
Vehumet
Wu Jian
Xom
Yredelemnul
Zin
The Shining One

Annotations:
D:3 1 runed translucent door, Crazy Yiuf
D:6 Dowan
D:7 Pikel


Message History

Pikel barely misses you. The lemure hits you.
You shoot an arrow. The arrow closely misses the lemure.
The lemure closely misses you. Pikel closely misses you.
You shoot an arrow.
The arrow hits the lemure but does no damage.
The lemure is almost dead.
Pikel barely misses you. The lemure hits you but does no damage.
You shoot an arrow. The arrow hits the lemure.
The lemure is almost dead.
Pikel hits you but does no damage. The lemure hits you but does no damage.
You shoot an arrow. The arrow hits the lemure.
The lemure is almost dead.
You shoot an arrow. The arrow hits the lemure!
You kill the lemure!
That felt strangely unrewarding.
Pikel hits you with a +1 whip of freezing!
Pikel freezes you.
You shoot an arrow.
The arrow hits Pikel but does no damage.
You block Pikel's attack. The lemure hits you but does no damage.
You shoot an arrow. The arrow hits Pikel!
Pikel is moderately wounded.
The lemure misses you. Pikel barely misses you.
You shoot an arrow. The arrow hits Pikel!
Pikel is heavily wounded.
The lemure closely misses you.
Pikel hits you with a +1 whip of freezing.
Pikel freezes you.
You shoot an arrow. The arrow barely misses Pikel.
The arrow hits the lemure but does no damage.
Pikel hits you with a +1 whip of freezing.
Pikel freezes you. You block the lemure's attack.
You shoot an arrow. The arrow hits Pikel.
Pikel is heavily wounded.
Pikel barely misses you. The lemure hits you but does no damage.
You shoot an arrow. The arrow hits Pikel.
Pikel is heavily wounded.
You shoot an arrow. The arrow misses Pikel.
The arrow closely misses the lemure.
Pikel hits you with a +1 whip of freezing.
You die...

#....#
##.#.#
#.#.#
#.#.#
#.#.#
#.#.#
#.#.#
#.#.#
#@#.#
#..5K#.#
#...5.
#......
#....#..
#....####
#....#
#....#


You could see Pikel and 2 lemures.

Vanquished Creatures
  Grinder (D:6)
  Sigmund (D:4)
  Edmund (D:6)
  Duvessa (D:6)
  A water moccasin (D:3)
  2 sky beasts (D:7)
  2 black bears (D:6)
  A phantom (D:5)
  A centaur (D:6)
  2 lemures (D:7)
  A kobold brigand (D:7)
  A bullfrog (D:7)
  2 scorpions
  3 howler monkeys
  A hound (D:4)
  A jelly (D:6)
  An orc priest (D:6)
  2 sleepcaps
  2 iguanas (D:5)
  Natasha (thrice) (D:3)
  2 orc wizards
  4 gnolls (D:4)
  4 adders (D:4)
  A shadow imp (D:5)
  3 white imps
  2 worms
  A dart slug (D:2)
  7 orcs
  9 bats
  3 endoplasms (D:2)
  7 giant cockroaches
  6 goblins
  8 hobgoblins
  3 quokkas
  2 ball pythons (D:4)
  2 frilled lizards
  12 kobolds
  6 rats
112 creatures vanquished.

Notes
Turn   | Place    | Note
-------+----------+-------------------------------------------
     0 | D:1      | qw the Deep Elf Hunter began the quest for the Orb.
     0 | D:1      | Reached XP level 1. HP: 12/12 MP: 3/3
     0 | D:1      | 0 ||| qw: Version: 0.3-a-9-g12657ce
     0 | D:1      | 0 ||| qw: Game counter: 1738
     0 | D:1      | 0 ||| qw: Always use a shield: true
     0 | D:1      | 0 ||| qw: God list: Okawaru
     0 | D:1      | 0 ||| qw: Allow faded altars: false
     0 | D:1      | 0 ||| qw: Do Orc after D:15 true
     0 | D:1      | 0 ||| qw: Do second Lair branch before Depths: true
     0 | D:1      | 0 ||| qw: Lair rune preference: random
     0 | D:1      | 0 ||| qw: Plans: Normal
     0 | D:1      | 0 ||| PLANNING D:1-11
   139 | D:1      | Found a faded altar of an unknown god.
   148 | D:1      | Reached skill level 6 in Ranged Weapons
   148 | D:1      | Reached XP level 2. HP: 16/16 MP: 4/4
   603 | D:1      | 603 ||| UPGRADING to +3 leather armour.
   613 | D:1      | 613 ||| DROPPING +0 leather armour.
   614 | D:1      | 614 ||| UPGRADING to amulet of reflection.
   619 | D:1      | 619 ||| READING scroll labelled GIBEANGOPS.
   620 | D:1      | 620 ||| READING scroll labelled DUDUACH JAALI.
   621 | D:1      | 621 ||| READING scroll labelled PYTEUCS WUINE.
   622 | D:1      | 622 ||| READING scroll labelled YCLORCH PURHAOKI.
   623 | D:1      | 623 ||| DRINKING 2 bubbling purple potions.
   624 | D:1      | 624 ||| DROPPING scroll of butterflies.
   711 | D:2      | Reached skill level 7 in Ranged Weapons
   711 | D:2      | Reached XP level 3. HP: 20/20 MP: 5/5
   847 | D:2      | Identified the +1 spear of Neogakko {elec, rElec MP+9 Str+6
                  | Dex-3}
   985 | D:2      | Reached XP level 4. HP: 25/25 MP: 6/6
  1559 | D:2      | 1559 ||| UPGRADING to +0 pair of boots.
  1564 | D:2      | 1564 ||| UPGRADING to +0 cloak.
  1569 | D:2      | 1569 ||| READING scroll labelled BEILUVVA FIGUI.
  1570 | D:2      | 1570 ||| READING scroll labelled CUGHIC ACOKE.
  1571 | D:2      | 1571 ||| READING scroll labelled MUWADW MAFORIR.
  1574 | D:2      | 1574 ||| READING scroll labelled QUOZOH SEGGEOXOTAU.
  1585 | D:3      | Found a hazy altar of Hepliaklqana.
  1586 | D:3      | Found a glowing golden altar of the Shining One.
  1590 | D:3      | Found a blossoming altar of Fedhas.
  1590 | D:3      | Found a snail-covered altar of Cheibriados.
  1593 | D:3      | Found a hide-covered altar of Uskayaw.
  1594 | D:3      | Found a shimmering altar of Xom.
  1664 | D:3      | Noticed Natasha
  1667 | D:3      | Killed Natasha
  1668 | D:3      | Reached skill level 8 in Ranged Weapons
  1727 | D:3      | 1727 ||| SWAPPING to +0 orcbow.
  1728 | D:3      | 1728 ||| DROPPING +1 shortbow.
  1884 | D:3      | Noticed Natasha
  1889 | D:3      | Killed Natasha
  1993 | D:3      | Found a runed translucent door.
  1994 | D:3      | Noticed Crazy Yiuf
  2306 | D:3      | Noticed Natasha
  2309 | D:3      | Killed Natasha
  2310 | D:3      | Reached XP level 5. HP: 25/29 MP: 7/7
  2368 | D:3      | 2368 ||| DRINKING 2 inky potions.
  2369 | D:3      | 2369 ||| READING 2 scrolls of identify.
  2369 | D:3      | 2369 ||| IDENTIFYING sapphire potion
  2370 | D:3      | 2370 ||| DROPPING potion of brilliance.
  2402 | D:4      | Noticed Sigmund
  2404 | D:4      | Noticed a water moccasin
  2411 | D:4      | 2411 ||| STAIRDANCE
  2417 | D:3      | HP: 6/29 [orc/+0 mace (2)]
  2418 | D:3      | 2418 ||| READING scroll of teleportation.
  2419 | D:3      | Killed a water moccasin
  2420 | D:3      | Reached skill level 9 in Ranged Weapons
  2420 | D:3      | Reached XP level 6. HP: 3/34 MP: 8/8
  2601 | D:4      | 2601 ||| STAIRDANCE
  2603 | D:4      | 2603 ||| STAIRDANCE
  2605 | D:3      | 2605 ||| DRINKING 2 potions of curing.
  2605 | D:3      | 2605 ||| (to cure confusion)
  2728 | D:4      | Killed Sigmund
  2732 | D:4      | Noticed an air elemental
  2734 | D:4      | Found a stormy altar of Qazlal.
  2736 | D:4      | Noticed a water elemental
  2736 | D:4      | Noticed a fire elemental
  2798 | D:4      | Found an opulent altar of Gozag.
  2819 | D:4      | Reached XP level 7. HP: 21/40 MP: 9/9
  2821 | D:4      | Reached skill level 10 in Ranged Weapons
  2821 | D:4      | HP: 9/40 [gnoll/+0 club (2)]
  2986 | D:4      | Found a sacrificial altar of Ru.
  3093 | D:4      | 3093 ||| READING scroll of enchant armour.
  3093 | D:4      | 3093 ||| ENCHANTING +0 pair of boots.
  3101 | D:4      | 3101 ||| READING scroll of enchant armour.
  3101 | D:4      | 3101 ||| ENCHANTING +1 pair of boots.
  3303 | D:4      | Found a radiant altar of Vehumet.
  3309 | D:4      | Found a shimmering blue altar of Sif Muna.
  3309 | D:4      | Found an ancient bone altar of Kikubaaqudgha.
  3326 | D:4      | 3326 ||| DROPPING ring of wizardry.
  3327 | D:4      | 3327 ||| READING scroll labelled QILEICVI FOOMM.
  3350 | D:5      | Entered Level 5 of the Dungeon
  3398 | D:5      | Found a broken altar of Ashenzari.
  3609 | D:5      | Reached skill level 11 in Ranged Weapons
  3923 | D:5      | 3923 ||| UPGRADING to +0 helmet.
  3928 | D:5      | 3928 ||| DRINKING 2 fuming silvery potions.
  3928 | D:5      | Gained mutation: You have sharp toenails. [potion of
                  | mutation]
  3928 | D:5      | Gained mutation: You occasionally lose the ability to read
                  | scrolls when taking damage. [potion of mutation]
  3929 | D:5      | 3929 ||| DRINKING potion of mutation.
  3929 | D:5      | Lost mutation: You have sharp toenails. [potion of
                  | mutation]
  3929 | D:5      | Lost mutation: You occasionally lose the ability to read
                  | scrolls when taking damage. [potion of mutation]
  3929 | D:5      | Gained mutation: Your mind is acute. (Int +4, Str/Dex -1)
                  | [potion of mutation]
  3930 | D:5      | 3930 ||| READING 2 scrolls of identify.
  3930 | D:5      | 3930 ||| IDENTIFYING fizzy green potion
  3931 | D:5      | 3931 ||| DROPPING potion of lignification.
  4002 | D:6      | Reached skill level 1 in Armour
  4122 | D:6      | Noticed Edmund
  4138 | D:6      | Killed Edmund
  4140 | D:6      | 4140 ||| FLEEEEING.
  4145 | D:6      | 4145 ||| STAIRDANCE
  4238 | D:6      | Reached XP level 8. HP: 44/44 MP: 10/10
  4313 | D:6      | Reached skill level 12 in Ranged Weapons
  4336 | D:6      | Noticed Grinder
  4346 | D:6      | 4346 ||| Stepping ~*~*~tactically~*~*~ (outnumbered).
  4360 | D:6      | Killed Grinder
  4361 | D:6      | Reached skill level 3 in Fighting
  4370 | D:6      | Noticed Duvessa
  4395 | D:6      | Killed Duvessa
  4397 | D:6      | Noticed Dowan
  4403 | D:6      | HP: 10/46 [Dowan/stone arrow (6)]
  4404 | D:6      | 4404 ||| READING scroll of teleportation.
  4806 | D:6      | Reached skill level 13 in Ranged Weapons
  4849 | D:6      | 4849 ||| READING scroll of enchant weapon.
  4849 | D:6      | 4849 ||| ENCHANTING +0 orcbow.
  4867 | D:6      | 4867 ||| READING scroll labelled KUC JARHEROZAQ.
  4868 | D:6      | 4868 ||| READING 2 scrolls of identify.
  4868 | D:6      | 4868 ||| IDENTIFYING viscous cyan potion
  4869 | D:6      | 4869 ||| DROPPING potion of ambrosia.
  4871 | D:6      | 4871 ||| Stepping ~*~*~tactically~*~*~ (cloud).
  5012 | D:7      | 5012 ||| Stepping ~*~*~tactically~*~*~ (outnumbered).
  5020 | D:7      | 5020 ||| Stepping ~*~*~tactically~*~*~ (outnumbered).
  5042 | D:7      | HP: 11/46 [howler monkey (2)]
  5050 | D:7      | HP: 5/46 [kobold/+0 whip (3)]
  5055 | D:7      | HP: 6/46 [kobold/+0 short sword (1)]
  5065 | D:7      | HP: 4/46 [kobold/+0 short sword (1)]
  5224 | D:7      | Found a staircase to the Ecumenical Temple.
  5225 | D:7      | 5225 ||| PLANNING TEMPLE
  5233 | Temple   | Entered the Ecumenical Temple
  5234 | Temple   | 5234 ||| PLANNING OKAWARU WORSHIP
  5346 | Temple   | Became a worshipper of Warmaster Okawaru
  5347 | Temple   | 5347 ||| PLANNING D:1-11
  5371 | D:7      | Found a white marble altar of Elyvilon.
  5477 | D:7      | Reached skill level 14 in Ranged Weapons
  5477 | D:7      | Reached XP level 9. HP: 24/51 MP: 11/11
  5809 | D:7      | Noticed Pikel
  5827 | D:7      | HP: 11/51 [Pikel/+1 whip of freezing (3)]
  5830 | D:7      | HP: 5/51 [Pikel/+1 whip of freezing (2)]
  5831 | D:7      | HP: 2/51 [Pikel/+1 whip of freezing (1)]
  5834 | D:7      | Slain by Pikel

Levels and vault maps discovered:
D:1:      dpeg_arrival_arbitrary_c, layout_basic,
          hellmonk_ecumenical_altar_crossroads, st_stairs_5,
          chequers_serial_rivers_room_a
D:2:      layout_loops_ring, amcnicky_mini_pool_small, chequers_big_river,
          chequers_decorated_corner, minmay_split_cup_small
D:3:      layout_loops_ring, grunt_temple_overflow_open, uniq_natasha,
          uniq_crazy_yiuf_cottage
D:4:      layout_cave_pools, grunt_temple_overflow_magic_moments,
          mainiacjoe_overflow_boulevard, nicolae_qazlal_style_of_elements,
          nicolae_gozag_seed_capital, uniq_sigmund
D:5:      layout_loops_cross, mainiacjoe_overflow_alcove_1
D:6:      layout_gridville, minmay_misc_feat_square, uniq_edmund, uniq_duvessa,
          uniq_grinder
D:7:      minmay_the_grid_triangle_9x9_rhombus_full
          [minmay_the_grid_triangle_9x9_minimal,
          minmay_the_grid_triangle_9x9_intruding_spiral,
          minmay_the_grid_triangle_9x9_descending_squares,
          minmay_the_grid_triangle_9x9_windchime,
          minmay_the_grid_triangle_9x9_zippers_horizontal,
          minmay_the_grid_triangle_9x9_longest,
          minmay_the_grid_triangle_9x9_corruption,
          minmay_the_grid_triangle_9x9_prize_top_heavy], layout_basic,
          nicolae_elyvilon_peaceful_grove, temple_fountains, uniq_pikel
Temple:   nicolae_temple_two_arcs

Skill      XL: |  1  2  3  4  5  6  7  8 |
---------------+-------------------------+-----
Ranged Weapons | 6 7 8 9 11 14 | 14.1
Dodging        | 4 5 |  5.4
Fighting       | 2 3 |  3.3
Armour         | 1 |  1.4
Stealth        | |  1.2

Action                     |  1- 3 |  4- 6 |  7- 9 || total
---------------------------+-------+-------+-------++-------
   Fire: Shortbow          |    98 |    27 |       ||   125
         Orcbow            |       |    61 |   307 ||   368
    Use: Scroll            |     4 |     6 |     8 ||    18
         Potion            |     1 |     2 |     2 ||     5
 Armour: Leather armour    |     4 |    22 |    61 ||    87
  Dodge: Dodged            |    10 |    39 |    93 ||   142
  Block: Other             |     2 |    20 |    34 ||    56
         Reflection        |       |     2 |       ||     2

Table legend:
 A = Non-vault XP
 B = Vault XP
 C = Vault XP percentage of total XP
 D = Non-vault monster count
 E = Vault monster count
 F = Vault count percentage of total count
                 A         B        C        D         E       F
            +---------+---------+-------+---------+---------+-------
      Total |    2074 |     867 |  29.5 |      99 |      11 |  10.0
            +---------+---------+-------+---------+---------+-------
        D:1 |      29 |       5 |  14.7 |      17 |       3 |  15.0
        D:2 |      76 |       4 |   5.0 |      21 |       3 |  12.5
        D:3 |     224 |      35 |  13.5 |      10 |       1 |   9.1
        D:4 |     258 |     243 |  48.5 |      20 |       1 |   4.8
        D:5 |     207 |       0 |   0.0 |       5 |       0 |   0.0
        D:6 |     599 |     580 |  49.2 |      10 |       3 |  23.1
        D:7 |     681 |       0 |   0.0 |      16 |       0 |   0.0
            +---------+---------+-------+---------+---------+-------
